 Dungeon Crawl Stone Soup version 0.22-a0-482-g76e0a5f (webtiles) character file.

16 Amnesiac the Grave Robber (level 2, 0/20 HPs)
             Began as a Mummy Necromancer on June 17, 2018.
             Slain by a gnoll (1 damage)
             ... on level 2 of the Dungeon.
             The game lasted 00:02:10 (785 turns).

Amnesiac the Grave Robber (Mummy Necromancer)        Turns: 785, Time: 00:02:11

Health: 0/20       AC:  2    Str: 11    XL:     2   Next: 37%
Magic:  6/6        EV: 12    Int: 14    God:
Gold:   56         SH:  0    Dex: 12    Spells: 6/7 levels left

rFire    x . .     SeeInvis .   d - +0 short sword (protect)
rCold    + . .     Gourm    .   (no shield)
rNeg     + + +     Faith    .   a - +0 robe
rPois    ∞         Spirit   .   (no helmet)
rElec    .         Reflect  .   (no cloak)
rCorr    .         Harm     .   (no gloves)
MR       .....                  (no boots)
Stlth    ++........             c - amulet of regeneration
HPRegen  0.46/turn              (no ring)
MPRegen  0.10/turn              (no ring)

@: no status effects
A: no food or potions, fire vulnerability, cold resistance 1, negative energy
resistance 3, torment resistance, unbreathing
a: no special abilities


You were on level 2 of the Dungeon.
You were not hungry.

You visited 1 branch of the dungeon, and saw 3 of its levels.

You collected 56 gold pieces.

Inventory:

Hand Weapons
 d - a +0 short sword of protection (weapon)
Armour
 a - a +0 robe (worn)
Jewellery
 c - an amulet of regeneration (around neck)
Scrolls
 b - 2 scrolls of blinking {!r, unknown}
 e - a scroll of noise {!r, unknown}
 f - a scroll of enchant armour {!r, unknown}


   Skills:
 + Level 0.8 Fighting
 * Level 2.1 Dodging
 - Level 1.5 Stealth
 - Level 3.0 Spellcasting
 + Level 4.0 Necromancy


You had 6 spell levels left.
You knew the following spells:

 Your Spells              Type           Power        Failure   Level  Hunger
a - Pain                  Necr           ##..         4%          1    N/A

Your spell library contained the following spells:

 Spells                   Type           Power        Failure   Level  Hunger
 Animate Dead             Necr           N/A          38%         4    N/A
 Animate Skeleton         Necr           N/A          4%          1    N/A
 Vampiric Draining        Necr           ##........   12%         3    N/A
 Regeneration             Chrm/Necr      #.........   28%         3    N/A

Dungeon Overview and Level Annotations

Branches:
Dungeon (3/15)

Altars:


Innate Abilities, Weirdness & Mutations

You do not eat or drink.
Your flesh is vulnerable to fire.
You are immune to poison.
Your flesh is cold resistant. (rC+)
You are immune to negative energy. (rN+++)
You are immune to unholy pain and torment.
You can survive without breathing.


Message History

You open the door.
Found a pink potion.
There is an open door here.
You see here a pink potion {!q}.
You enter a teleport trap!
The teleport trap disappears.
Your surroundings suddenly seem different. 3 jackals and 4 orcs come into view.
The orc shouts! x2; The jackal barks! x2; The orc shouts!
You hear an angry hiss.
The orc hits you with a short sword.
A leopard gecko comes into view.
You hear a shout!
Found a club, 5 gold pieces, a runed war axe, a hunting sling and a ration.
An orc comes into view. It is wielding a mace.
The orc throws a tomahawk.
The tomahawk hits you.
Found 2 rations.
You see here a tomahawk.
The orc throws a tomahawk.
The tomahawk misses you.
The orc throws a tomahawk.
The tomahawk hits you.
* * * LOW HITPOINT WARNING * * *
You see here a tomahawk.
The orc throws a tomahawk.
The tomahawk misses you.
A bat comes into view.
You see here a tomahawk.
The jackal bites you but does no damage.
The orc closely misses you. The jackal bites you.
* * * LOW HITPOINT WARNING * * *
The jackal bites you but does no damage.
The jackal misses you.
The leopard gecko hisses angrily.
The jackal barely misses you.
The orc shouts!
The leopard gecko misses you. The jackal bites you.
* * * LOW HITPOINT WARNING * * *
The leopard gecko misses you.
The leopard gecko bites you but does no damage.
The leopard gecko hisses menacingly.
The jackal misses you.
The jackal stops to sniff the ground.
The leopard gecko bites you but does no damage.
You barely miss the crimson imp.
The crimson imp shouts!
The leopard gecko closely misses you.
The crimson imp blinks!
The leopard gecko barely misses you. The orc barely misses you.
The crimson imp hits you. The leopard gecko bites you.
* * * LOW HITPOINT WARNING * * *
You see here 19 stones.
There is a stone staircase leading up here.
The orc hits you with a short sword.
* * * LOW HITPOINT WARNING * * *
You climb upwards.
The gnoll hits you with a halberd.
* * * LOW HITPOINT WARNING * * *
The gnoll barely misses you. The gnoll hits you.
* * * LOW HITPOINT WARNING * * *
There is a stone staircase leading down here.
Casting: Pain (safe; 4% risk of failure)
Confirm with . or Enter, or press ? or * to list all spells.
You don't know that spell.
Unknown command.
Okay, then.
The gnoll closely misses you. The gnoll hits you.
You die...

#..# #.# ##..# #.# #
...####.##
###.#........###
#..#...........#
#.#.##.###.#.#.###
.######.#.##<...........
..w...go#.##(###.#.#.###
.gg....@g.##.# #........
..#####....(.# #########
..g..$..###### ..#######


You could see a worm, 4 gnolls and an orc.

Vanquished Creatures
  2 orcs
  A ball python (D:2)
  2 goblins (D:2)
  A hobgoblin (D:2)
  2 quokkas (D:2)
  A bat (D:2)
  2 kobolds (D:2)
  2 rats (D:2)
13 creatures vanquished.

Notes
Turn   | Place    | Note
-------+----------+-------------------------------------------
     0 | D:1      | Amnesiac the Mummy Necromancer began the quest for the Orb.
     0 | D:1      | Reached XP level 1. HP: 13/13 MP: 4/4
   436 | D:2      | Reached XP level 2. HP: 20/20 MP: 2/5
   719 | D:3      | Noticed a crimson imp
   784 | D:2      | HP: 1/20 [gnoll (4)]
   785 | D:2      | Slain by a gnoll

Vault maps used:
D:1:      lemuel_arrival_lava_pool
D:2:      kennysheep_big_empty_room, uniq_terence
D:3:      first_ration

Skill      XL: |  1  2 |
---------------+-------+-----
Dodging        | 2 |  2.1
Spellcasting   | 3 |  3.0
Fighting       | |  0.8
Stealth        | |  1.5
Necromancy     | |  4.0

Action                   || total
-------------------------++-------
Melee: Short sword       ||    10
 Cast: Pain              ||    23
 Stab: Sleeping          ||     1
Armor: Robe              ||    12
Dodge: Dodged            ||    32

Table legend:
 A = Spawn XP
 B = Non-spawn XP
 C = Spawn XP percentage of total XP
 D = Spawn monster count
 E = Non-spawn monster count
 F = Spawn count percentage of total count
 G = Total turns spent on level
                    A         B        C        D         E        F      G
               +---------+---------+-------+---------+---------+-------+---------
         Total |       0 |      23 |   0.0 |       0 |      13 |   0.0 |   785
               +---------+---------+-------+---------+---------+-------+---------
           D:2 |       0 |      20 |   0.0 |       0 |      12 |   0.0 |   593
           D:3 |       0 |       3 |   0.0 |       0 |       1 |   0.0 |    83
               +---------+---------+-------+---------+---------+-------+---------
